AoeStats
← Huskarls4

QS Arena

503605917Analyzed
4v4 RM · 2mo ago on Sep 1, 2026· 20m 22s· 8 players
Game mode
Random Map
Map size
Large (8 player)
Population
200
Speed
Normal
Resources
Standard
Victory
Conquest
Starting age
Dark Age
Ending age
Imperial Age
RankedLock teamsTeams togetherTeam positionsShared explorationLock speedFull tech treeHidden civsTurbo modeCheats
Victory
Defeat
🇧🇪 Armenians · Belgium
1604
+16
🇪🇸 Bengalis · Spain
1542
+19
🇬🇧 Saracens · United Kingdom
1510
+20
🇨🇿 Malians · Czechia
1505
+21
vs
🇨🇳 Lithuanians · China
1643
-21
1633
-20
🇦🇷 Goths · Argentina
1626
-20
🇨🇳 Khitans · China
1524
-15
Huskarls4
7:43 Feudal Age
12:52 Castle Age
12:51 Double-Bit Axe
13:40 Horse Collar
21:15 Wheelbarrow
rpallarols
8:07 Feudal Age
12:54 Castle Age
11:42 Double-Bit Axe
11:45 Horse Collar
13:55 Bow Saw
18:24 Wheelbarrow
JanVerplanken
7:56 Feudal Age
11:36 Castle Age
9:37 Double-Bit Axe
11:02 Horse Collar
18:18 Loom
19:24 Town Watch
20:40 Wheelbarrow
Sir Godua
8:06 Feudal Age
12:05 Castle Age
10:00 Double-Bit Axe
10:26 Horse Collar
12:11 Gold Mining
16:29 Fervor
17:25 Bow Saw
19:18 Wheelbarrow
21:02 Hand Cart
Ren
8:48 Feudal Age
12:38 Castle Age
11:05 Double-Bit Axe
12:53 Domestication
13:29 Bow Saw
15:40 Pastoralism
18:18 Wheelbarrow
changolango
8:45 Feudal Age
12:22 Castle Age
10:11 Horse Collar
10:18 Double-Bit Axe
14:49 Bow Saw
16:10 Loom
19:32 Gold Mining
19:48 Heavy Plow
枕上鸳鸯睡红莲
8:31 Feudal Age
12:00 Castle Age
10:00 Double-Bit Axe
10:23 Horse Collar
12:49 Bow Saw
17:03 Wheelbarrow
19:29 Stone Mining
Hash-
7:49 Feudal Age
11:37 Castle Age
9:28 Double-Bit Axe
9:59 Horse Collar
Connection lost

Rejoining the realm…

Still unreachable

The connection could not be restored.

Session expired

The server has moved on; the page needs a fresh start.